 Dungeon Crawl Stone Soup version 0.27.1-34-g3ba077fa99 (webtiles) character file.

Game seed: 9901880628030709478

239 Ironcache the Chucker (level 6, -2/47 HPs)
             Began as a Human Hunter on Jan 16, 2022.
             Was a Believer of Cheibriados.
             Slain by a gnoll shaman (11 damage)
             ... on level 4 of the Dungeon.
             The game lasted 00:10:20 (3006 turns).

Ironcache the Chucker (Human Hunter)                Turns: 3006, Time: 00:10:21

Health: -2/47      AC:  3    Str: 18    XL:     6   Next: 29%
Magic:  7/7        EV: 13    Int: 17    God:    Cheibriados [**....]
Gold:   91         SH:  0    Dex: 19    Spells: 5/5 levels left

rFire    . . .     SeeInvis +   k - +0 hand axe (elec)
rCold    . . .     Faith    .   (no shield)
rNeg     . . .     Spirit   .   b - +0 leather armour
rPois    .         Reflect  .   (no helmet)
rElec    .         Harm     .   (no cloak)
rCorr    .         Rampage  .   (no gloves)
Will     .....                  (no boots)
Stlth    ++........             (no amulet)
HPRegen  0.15/turn              g - ring of see invisible
MPRegen  0.10/turn              (no ring)

@: very slow
A: no striking features
a: Renounce Religion, Bend Time


You were on level 4 of the Dungeon.
You worshipped Cheibriados.
Cheibriados was pleased with you.
You visited 2 branches of the dungeon, and saw 5 of its levels.

You collected 91 gold pieces.

Inventory:

Hand Weapons
 a - a +0 short sword
 k - a +0 hand axe of electrocution (weapon)
Missiles
 c - 4 javelins (quivered)
 d - 2 throwing nets
 f - 113 stones
 m - 5 silver boomerangs
 n - 17 poisoned darts
Armour
 b - a +0 leather armour (worn)
Jewellery
 g - a ring of see invisible (left hand)
Wands
 p - a wand of mindburst (15)
Scrolls
 h - 3 scrolls of teleportation {unknown}
 l - a scroll of holy word {unknown}
 o - 2 scrolls of magic mapping {unknown}
 q - a scroll of identify {unknown}
 s - a scroll of immolation {unknown}
 t - a scroll of vulnerability {unknown}
 u - a scroll of noise {unknown}
 w - a scroll of enchant armour {unknown}
Potions
 e - a potion of might {unknown}
 i - a potion of degeneration {unknown}
 j - 4 potions of haste {unknown}
 r - a potion of curing {unknown}
 v - a potion of resistance {unknown}


   Skills:
 + Level 3.1 Fighting
 + Level 4.7 Throwing
 * Level 2.5 Armour
 - Level 3.0 Dodging
 - Level 2.0 Stealth
 + Level 2.2 Invocations


You had 5 spell levels left.
You didn't know any spells.
Your spell library was empty.

Dungeon Overview and Level Annotations

Branches:
Dungeon (4/15)             Temple (1/1) D:4

Altars:
Cheibriados
Dithmenos
Hepliaklqana
Kikubaaqudgha
Nemelex Xobeh
Okawaru
Qazlal
Sif Muna
Uskayaw
Wu Jian
Yredelemnul
Zin
The Shining One

Shops:
D:1 :

Annotations:
D:3 2 runed translucent doors, pkoi's ghost, amateur DrMo


Message History

Aim: a gnoll, wielding a +0 flail and quivering 2 throwing nets (68% to hit)
You throw a javelin.
The javelin barely misses the gnoll shaman.
The javelin pierces through the gnoll!
The gnoll is heavily wounded.
The javelin barely misses the gnoll.
The gnoll hits you from afar with a +0 spear.
The gnoll shaman calls upon its god to speed up the gnoll.
The gnoll seems to speed up.
You hear a shout!
Throw: 7 javelins
Press: ? - help, Q - select action, (/) - cycle Shift-Dir - straight line, f/p - gnoll
Aim: a gnoll, wielding a +0 flail and quivering 2 throwing nets (68% to hit)
You throw a javelin.
The javelin barely misses the gnoll shaman.
The javelin closely misses the gnoll.
The javelin pierces through the gnoll!
You kill the gnoll!
Cheibriados thoroughly appreciates the change of pace.
The gnoll closely misses you.
The gnoll shaman hits you with a +0 whip!
* * * LOW HITPOINT WARNING * * *
The gnoll closely misses you.
Throw: 6 javelins
Press: ? - help, Q - select action, (/) - cycle Shift-Dir - straight line, f - gnoll shaman
Aim: a gnoll shaman, wielding a +0 whip and wearing a +0 robe (68% to hit)
You throw a javelin.
The javelin barely misses the gnoll shaman.
The javelin pierces through the gnoll!
You kill the gnoll!
Cheibriados thoroughly appreciates the change of pace.
The gnoll shaman barely misses you.
The gnoll shaman mumbles some strange prayers to its god against you.
You resist with some effort.
Throw: 5 javelins
Press: ? - help, Q - select action, (/) - cycle Shift-Dir - straight line, f/p - gnoll shaman
Aim: a gnoll shaman, wielding a +0 whip and wearing a +0 robe (68% to hit)
You throw a javelin.
The javelin barely misses the gnoll shaman.
The gnoll shaman hits you with a +0 whip!
You die...

#......#.⌠.#......
#.###..#...##<#...
#.##..###.###†##.#
#.#...#.....#....#
#.##..#.....#.####
#.##..#..>..#.....
#.....#.....######
#######..#.....######
#))g@...####.###.....
##w#####.###...#......
.(.........#.⌠.#......
.(g.#...##...#...#......
.(.......##...##.##......
wg ##.###......#.#.......
. #..........#.........
#####......##........
#.....###.#######


You could see a gnoll shaman and a dart slug.

Vanquished Creatures
  2 scorpions (D:4)
  3 gnolls (D:4)
  4 adders
  A worm (D:2)
  3 dart slugs
  An orc (D:3)
  3 ball pythons
  2 bats
  6 endoplasms
  A giant cockroach (D:2)
  A goblin (D:1)
  3 hobgoblins
  4 jackals
  A quokka (D:3)
  5 frilled lizards
  4 kobolds
  7 rats
51 creatures vanquished.

Notes
Turn   | Place    | Note
-------+----------+-------------------------------------------
     0 | D:1      | Ironcache the Human Hunter began the quest for the Orb.
     0 | D:1      | Reached XP level 1. HP: 16/16 MP: 1/1
   161 | D:1      | Reached XP level 2. HP: 13/22 MP: 2/2
   447 | D:1      | Found a faded altar of an unknown god.
   452 | D:1      | Became a worshipper of Cheibriados the Contemplative
   452 | D:1      | Reached * piety under Cheibriados
   512 | D:1      | Found Kaxotwu's Book Shoppe.
  1097 | D:2      | Reached XP level 3. HP: 27/27 MP: 3/3
  1230 | D:2      | Reached ** piety under Cheibriados
  1499 | D:2      | Reached skill level 1 in Invocations
  1499 | D:2      | Reached XP level 4. HP: 34/34 MP: 4/4
  1879 | D:3      | Found a large runed translucent door.
  1879 | D:3      | Found a large runed translucent door.
  1884 | D:3      | Noticed pkoi's ghost (amateur DrMo)
  2392 | D:4      | Reached skill level 1 in Armour
  2591 | D:4      | Noticed a scorpion
  2599 | D:4      | Killed a scorpion
  2600 | D:4      | Reached XP level 5. HP: 40/40 MP: 4/6
  2644 | D:4      | Found a staircase to the Ecumenical Temple.
  2690 | D:4      | Reached XP level 6. HP: 44/47 MP: 7/7
  2713 | Temple   | Entered the Ecumenical Temple
  3006 | D:4      | Slain by a gnoll shaman

Illustrated notes

Levels and vault maps discovered:
D:1:      minmay_arrival_solitary_statue, layout_rooms, serial_shops,
          nicolae_shop_stone, shapermc_ecumenical_altar_mp_ritualfount,
          minmay_heptomino_o4
D:2:      layout_rooms
D:3:      layout_basic, ebering_ghost_disaster_area
D:4:      layout_loops_cross, trog_butcher_becter,
          minmay_temple_entry_antechambers, serial_shops, shop
Temple:   nicolae_temple_figure_eight

Skill      XL: |  1  2  3  4  5 |
---------------+----------------+-----
Stealth        | 2 |  2.0
Invocations    | 1 2 |  2.2
Armour         | 1 2 |  2.5
Dodging        | 3 |  3.0
Fighting       | 3 |  3.1
Throwing       | |  4.7

Action                   |  1- 3 |  4- 6 || total
-------------------------+-------+-------++-------
Melee: Short sword       |    17 |       ||    17
       Hand axe          |    38 |    31 ||    69
Throw: Stone             |    54 |    48 ||   102
       Javelin           |       |     9 ||     9
 Stab: Sleeping          |     3 |       ||     3
Armor: Leather armour    |    12 |     8 ||    20
Dodge: Dodged            |    35 |    24 ||    59
